 Dungeon Crawl Stone Soup version 0.23.2-30-g0e89c35649 (webtiles) character file.

Game seed: 3853355168810306463

48551 Madgibble the Summoner (level 14, -4/144 HPs)
             Began as an Ogre Summoner on May 13, 2019.
             Was the Champion of the Shining One.
             Shot with a bolt by a yaktaur (41 damage)
             ... on level 15 of the Dungeon on June 20, 2019.
             The game lasted 03:41:48 (30458 turns).

Madgibble the Summoner (Ogre Summoner)             Turns: 30458, Time: 03:41:50

Health: -4/144     AC:  7    Str: 21      XL:     14   Next: 46%
Magic:  0/25       EV: 25    Int: 19 (20) God:    the Shining One [******]
Gold:   1489       SH:  0    Dex:  7      Spells: 9/33 levels left

rFire    x . .     SeeInvis .   y - +8 battleaxe "Wiomugot" {speed, rC+ Str+6 Dex-2 Stlth-}
rCold    + + .     Gourm    .   (shield currently unavailable)
rNeg     + + +     Faith    .   P - +2 robe {Archmagi}
rPois    +         Spirit   .   (helmet restricted)
rElec    .         Reflect  .   S - +1 cloak
rCorr    .         Harm     .   (gloves unavailable)
MR       +....     Clarity  +   (boots unavailable)
Stlth    ..........             W - amulet of the acrobat
HPRegen  0.34/turn              I - ring of poison resistance
MPRegen  0.19/turn              n - ring of ice

@: acrobat, glowing
A: large, unfitting armour, claws 1, clarity, deterioration 1, low mp 1, tough
skin 1
a: Divine Shield, Cleansing Flame, Summon Divine Warrior, Brand Weapon With Holy
Wrath, Renounce Religion


You were on level 15 of the Dungeon.
You worshipped the Shining One.
The Shining One was exalted by your worship.
You were hungry.

You visited 4 branches of the dungeon, and saw 23 of its levels.
You also visited: Gauntlet.

You collected 1489 gold pieces.

Inventory:

Hand Weapons
 b - a +0 giant spiked club
 y - the +8 battleaxe "Wiomugot" (weapon) {speed, rC+ Str+6 Dex-2 Stlth-}
   (You found it in a Gauntlet)

   Attacks with this weapon are significantly faster.
   It affects your strength (+6).
   It affects your dexterity (-2).
   It protects you from cold.
   It makes you less stealthy.
 D - a +3 trident of venom
 O - a +4 scimitar of flaming
Armour
 q - a +2 robe of cold resistance
 x - a +2 robe of magic resistance
 P - a +2 robe of the Archmagi (worn)
 S - a +1 cloak (worn)
 U - a +2 robe of fire resistance
Magical Staves
 v - an uncursed staff of air
Jewellery
 h - an uncursed ring of protection from magic
 n - a ring of ice (right claw)
 I - a ring of poison resistance (left claw)
 M - a +5 amulet of reflection
 W - an amulet of the acrobat (around neck)
Wands
 B - a wand of digging (13)
 E - a wand of iceblast (25)
Scrolls
 a - 2 scrolls of identify
 g - 3 scrolls of summoning
 j - 5 scrolls of teleportation
 l - 14 scrolls of remove curse
 r - 3 scrolls of fear
 s - 2 scrolls of fog
 u - a scroll of blinking
 C - 8 scrolls of magic mapping
 Q - 3 scrolls of silence
Potions
 e - 4 potions of curing
 i - a potion of magic
 m - 3 potions of might
 o - 2 potions of brilliance
 p - 2 potions of haste
 z - 3 potions of flight
 G - 5 potions of agility
 K - 2 potions of berserk rage
 R - 5 potions of lignification
 V - a potion of heal wounds
Miscellaneous
 t - 2 boxes of beasts
 H - a phial of floods
Comestibles
 c - 27 rations


   Skills:
 + Level 10.3 Fighting
 - Level 4.9 Long Blades
 + Level 3.2(4.5) Axes
 - Level 4.9(5.4) Polearms
 - Level 1.7 Dodging
 - Level 1.4 Stealth
 + Level 10.0 Spellcasting
 * Level 3.1 Conjurations
 + Level 11.9 Summonings
 * Level 7.5 Ice Magic
 * Level 7.6 Air Magic
 - Level 3.0 Poison Magic
 + Level 11.1 Invocations


You had 9 spell levels left.
You knew the following spells:

 Your Spells              Type           Power        Failure   Level  Hunger
a - Summon Small Mammal   Summ           ####         1%          1    None
b - Summon Guardian Gole  Hex/Summ       #####...     1%          3    None
c - Call Canine Familiar  Summ           ######..     1%          3    None
d - Summon Lightning Spi  Summ/Air       ######..     1%          4    ##.....
e - Summon Ice Beast      Ice/Summ       #######.     1%          4    ##.....
f - Mephitic Cloud        Conj/Pois/Air  #####...     3%          3    None
g - Freezing Cloud        Conj/Ice/Air   ######....   67%         6    ######.

Your spell library contained the following spells:

 Spells                   Type           Power        Failure   Level  Hunger
 Magic Dart               Conj           ####         1%          1    None
 Sting                    Conj/Pois      ####         1%          1    None
 Call Imp                 Summ           ######..     1%          2    None
 Poisonous Vapours        Pois/Air       #####.       1%          2    None
 Static Discharge         Conj/Air       #####...     2%          3    None
 Searing Ray              Conj           ####..       3%          2    None
 Dazzling Spray           Conj/Hex       ###...       12%         3    None
 Iskenderun's Mystic Bla  Conj           ####....     21%         4    ##.....
 Spectral Weapon          Hex/Chrm       ##......     22%         3    None
 Olgreb's Toxic Radiance  Pois           ####....     22%         4    ##.....
 Lightning Bolt           Conj/Air       #####.....   22%         5    #####..
 Force Lance              Conj/Tloc      ###.....     36%         4    ##.....
 Fulminant Prism          Conj/Hex       ###.......   36%         4    ##.....
 Venom Bolt               Conj/Pois      ####......   50%         5    #####..
 Ring of Flames           Chrm/Fire      ##........   100%        7    #######
 Ignition                 Fire           ##........   100%        8    #######
 Shatter                  Erth           ##........   100%        9    #######
 Tornado                  Air            ######....   100%        9    #######


Dungeon Overview and Level Annotations

Branches:
Dungeon (15/15)            Temple (1/1) D:7            Lair (6/6) D:10
  Swamp (0/4) Lair:4        Snake (0/4) Lair:3        Slime (0/5) Lair:5
    Orc (1/2) D:12         Vaults (0/5) D:14
 Depths: D:15

Altars:
Ashenzari
Cheibriados
Dithmenos
Elyvilon
Fedhas
Kikubaaqudgha
Makhleb
Nemelex Xobeh
Qazlal
Ru
Sif Muna
Uskayaw
Vehumet
Wu Jian
Xom
Yredelemnul
Zin
The Shining One
Jiyva

Annotations:
D:4 3 runed translucent doors, doot's ghost, amateur DsAK
D:6 1 runed translucent door, Aske's ghost, novice GrGl
D:8 2 transporters, inmateoo's ghost, novice FoFi
Lair:2 1 runed translucent door, shugdite's ghost, journeyman KoBe


Innate Abilities, Weirdness & Mutations

You are too large for most types of armour.
You have tough skin. (AC +1)
You have sharp fingernails.
You possess an exceptional clarity of mind.
Your body sometimes deteriorates upon taking damage.
Your magical capacity is low. (-10% MP)


Message History

The yaktaur is too close now for your liking.
You completely miss the yaktaur.
The yaktaur is severely wounded.
The yaktaur shoots a bolt.
The bolt hits you!!
Your body deteriorates!
You feel dopey.
The yaktaur unwields a +0 arbalest.
The yaktaur hits you!
* * * LOW HITPOINT WARNING * * *
The yaktaur wields a +0 arbalest.
The yaktaur shoots a bolt.
The bolt completely misses you.
Unknown command.
Casting: Summon Lightning Spire (safe; 1% risk of failure)
Confirm with . or Enter, or press ? or * to list all spells.
Aiming: Summon Lightning Spire (safe; 1% risk of failure)
Press: ? - help, Dir - move target cursor You feel a surge of power!
An electric hum fills the air.
The yaktaur shoots a bolt.
The bolt hits your lightning spire!!
The yaktaur shoots a bolt.
The bolt hits your lightning spire!!
Your lightning spire is destroyed!
The yaktaur shoots a bolt.
The bolt hits you!!!
You die...

....#...#..#
....#####..#
...........#c#######
.......(((.()cc.(..#
......(cc#######...#
#######..# #...#
#..# #...#+### #.(#
#........ #.(# #@..#
#..#######(..#...
#.c..(.c.cc..'...#
#.)...#####..#...#
#.....# ..# ..#
#.....'. ..# ##
#.....#... ...
#......#...#....
#......# ###.....


You could see 2 yaktaurs.

Vanquished Creatures
  Josephine (D:12)
  Erolcha (D:11)
  A hydra (Lair:2)
  A vault guard (D:14)
  A centaur warrior (D:12)
  2 catoblepae (Lair:6)
  Nergalle (D:11)
  An unseen horror (D:13)
  A deep elf mage (D:14)
  2 manticores
  3 elephants
  2 black mambas
  2 centaur zombies
  A torpor snail (Lair:4)
  A kobold demonologist (D:12)
  3 komodo dragons
  4 spiny frogs
  A rime drake (Lair:2)
  An ice devil (Gauntlet)
  A troll (D:12)
  Grinder (D:3)
  8 blink frogs
  2 dream sheep (Lair:4)
  2 bog bodies (Lair:4)
  2 hippogriffs
  3 flying skulls (Gauntlet)
  7 spriggans (Lair:2)
  A fire bat (Gauntlet)
  2 wraiths
  32 yaks
  A vampire (D:14)
  3 wyverns
  A basilisk (Lair:6)
  A steam dragon (D:8)
  2 vampire mosquitoes (D:15)
  An acid dragon (D:10)
  A naga (Lair:3)
  3 swamp worms (Lair:4)
  9 water moccasins
  9 porcupines
  2 orc warriors
  A black bear (Lair:2)
  2 ice beasts (D:13)
  2 phantoms
  6 wolves
  A centaur (D:11)
  4 ogres
  2 crocodiles
  2 big kobolds
  13 bullfrogs
  A wyvern zombie (D:9)
  A scorpion (D:14)
  A killer bee (D:11)
  A wight (D:11)
  An electric eel (Lair:4)
  A howler monkey (D:7)
  2 crimson imps
  A quasit (D:11)
  2 orc priests
  2 orc wizards
  2 bullfrog zombies
  3 centaur skeletons
  2 hounds
  2 bullfrog skeletons
  An iguana (D:14)
  Natasha (thrice) (D:3)
  9 worker ants
  A hound zombie (D:7)
  A hound skeleton (D:7)
  A worker ant zombie (D:8)
  A gnoll (D:7)
  8 adders
  3 shadow imps
  2 white imps (Gauntlet)
  3 oozes
  3 adder zombies (D:8)
  A worm (D:4)
  2 dart slugs (D:1)
  26 orcs
  2 giant cockroaches
  6 goblins
  5 hobgoblins
  2 jackals (D:6)
  6 quokkas
  6 bats
  A jackal zombie (D:6)
  20 kobolds
  A leopard gecko zombie (D:5)
  8 rats
  2 fungi (Lair:5)
  A plant (Lair:6)
304 creatures vanquished.

Vanquished Creatures (collateral kills)
  A minotaur (Gauntlet)
  Fannar (D:12)
  6 hydras
  7 vault guards (D:14)
  A catoblepas (Lair:6)
  2 two-headed ogres
  6 death yaks (Lair:6)
  Erica (D:8)
  Urug (D:12)
  A hell hog (Gauntlet)
  An unseen horror (D:14)
  An oklob plant (Lair:2)
  2 manticores (Lair:6)
  8 elephants
  Maurice (D:8)
  3 black mambas
  A centaur zombie (D:13)
  2 spiny frogs
  A minotaur zombie (Gauntlet)
  4 kobold demonologists (D:14)
  A komodo dragon (Lair:6)
  2 rime drakes
  A yaktaur (D:15)
  A tengu conjurer (D:13)
  3 trolls
  A hornet (D:8)
  3 blink frogs (Lair:6)
  3 hippogriffs
  9 dream sheep (Lair:4)
  3 flying skulls (Gauntlet)
  26 yaks
  4 wraiths
  A spriggan (Lair:2)
  A fire bat (Gauntlet)
  3 wyverns
  A fire elemental (D:13)
  A vampire mosquito (D:15)
  3 nagas (Lair:3)
  A hell hound (Gauntlet)
  3 water moccasins
  A swamp drake (D:10)
  A porcupine (Lair:5)
  A sky beast (D:8)
  A black bear (D:8)
  An orc warrior (D:11)
  An eye of draining (shapeshifter) (D:14)
  5 ice beasts
  2 ogres
  3 wolves (Lair:1)
  12 centaurs
  4 crocodiles
  3 big kobolds
  7 bullfrogs
  3 scorpions
  9 killer bees
  4 wights (D:11)
  A howler monkey (D:5)
  2 crimson imps
  A bullfrog zombie (D:13)
  2 quasits
  A jelly (D:7)
  2 lava snakes (D:13)
  3 bullfrog skeletons
  2 hounds
  7 orc wizards
  A gnoll shaman (D:7)
  4 orc priests
  Jessica (D:2)
  2 iguanas
  Ijyb (D:4)
  4 worker ants
  8 gnolls
  7 adders
  An ooze (D:7)
  A worm (D:3)
  13 orcs
  2 bats (D:1)
  2 giant cockroaches
  2 goblins
  4 hobgoblins
  2 jackals (D:2)
  2 quokkas
  A frilled lizard (D:2)
  8 kobolds
  A leopard gecko zombie (D:6)
  A rat (D:3)
269 creatures vanquished.

Vanquished Creatures (others)
  A centaur (D:12)
  18 demonic plants (Gauntlet)
  2 fungi
  11 plants
32 creatures vanquished.

Grand Total: 605 creatures vanquished

Notes
Turn   | Place    | Note
-------+----------+-------------------------------------------
     0 | D:1      | Madgibble the Ogre Summoner began the quest for the Orb.
     0 | D:1      | Reached XP level 1. HP: 16/16 MP: 3/3
   336 | D:1      | Reached XP level 2. HP: 13/24 MP: 3/5
   359 | D:1      | Learned a level 2 spell: Call Imp
   723 | D:1      | Reached XP level 3. HP: 19/31 MP: 7/7
  1523 | D:2      | Learned a level 3 spell: Call Canine Familiar
  1523 | D:2      | Noticed Jessica
  1529 | D:2      | Killed Jessica
  1529 | D:2      | Reached XP level 4. HP: 32/39 MP: 4/8
  1619 | D:2      | Found a sacrificial altar of Ru.
  2112 | D:3      | Reached skill level 5 in Summonings
  2162 | D:3      | Noticed Natasha
  2170 | D:3      | Killed Natasha
  2170 | D:3      | Reached XP level 5. HP: 26/45 MP: 10/10
  2679 | D:3      | Learned a level 4 spell: Summon Lightning Spire
  2694 | D:3      | Noticed Natasha
  2705 | D:3      | Killed Natasha
  2956 | D:3      | Noticed Grinder
  2961 | D:3      | Paralysed by Grinder for 6 turns
  2968 | D:3      | Killed Grinder
  2968 | D:3      | Reached skill level 1 in Air Magic
  2968 | D:3      | Reached XP level 6. HP: 37/53 MP: 8/12
  3002 | D:3      | Noticed Natasha
  3015 | D:3      | Killed Natasha
  3070 | D:4      | Noticed Ijyb
  3100 | D:4      | Killed Ijyb
  3375 | D:4      | Learned a level 4 spell: Summon Ice Beast
  3650 | D:4      | Found a runed translucent gate.
  3651 | D:4      | Found a runed translucent gate.
  3652 | D:4      | Found a runed translucent gate.
  3803 | D:4      | Noticed doot's ghost (amateur DsAK)
  3857 | D:4      | Got an ancient robe
  3868 | D:4      | Identified the cursed +0 robe of the Dwarven Hall {rN+
                  | Regen+ Str+5 Slay-2} (You found it on level 4 of the
                  | Dungeon)
  3928 | D:4      | Noticed a spatial vortex
  3996 | D:4      | Reached skill level 1 in Fighting
  3996 | D:4      | Reached XP level 7. HP: 9/62 MP: 2/14
  4441 | D:5      | Entered Level 5 of the Dungeon
  4574 | D:5      | Reached skill level 1 in Ice Magic
  4595 | D:5      | Found an ornate altar of the Wu Jian Council.
  4978 | D:6      | Reached skill level 5 in Spellcasting
  5500 | D:6      | Reached XP level 8. HP: 57/74 MP: 9/15
  5891 | D:6      | Found an ancient bone altar of Kikubaaqudgha.
  6165 | D:6      | Found a runed translucent door.
  6165 | D:6      | Noticed Aske's ghost (novice GrGl)
  6283 | D:7      | Noticed a hippogriff
  6290 | D:7      | Killed a hippogriff
  6418 | D:7      | Found a staircase to the Ecumenical Temple.
  6432 | Temple   | Entered the Ecumenical Temple
  6458 | Temple   | Became a worshipper of the Shining One
  6474 | D:7      | Reached skill level 1 in Polearms
  8072 | D:7      | Reached skill level 1 in Invocations
  8229 | D:8      | Noticed a wyvern
  8248 | D:8      | Killed a wyvern
  8512 | D:8      | Found a transporter.
  8513 | D:8      | Identified the +1 ring mail of the Nexus {rElec rF+++
                  | Str-5}
  8513 | D:8      | Reached * piety under the Shining One
  8564 | D:8      | Reached XP level 9. HP: 54/84 MP: 14/17
  8694 | D:8      | Noticed Erica
  8728 | D:8      | Killed Erica
  9029 | D:8      | Found a transporter.
  9267 | D:8      | Identified the ring "Nihuc" {Str+2 Int+6 Dex-4}
  9297 | D:8      | Noticed inmateoo's ghost (novice FoFi)
  9368 | D:8      | Noticed Maurice
  9379 | D:8      | Killed Maurice
  9379 | D:8      | Reached skill level 5 in Fighting
  9404 | D:8      | Noticed a hornet
  9407 | D:8      | Paralysed by a hornet for 1 turns
  9411 | D:8      | Killed a hornet
 10212 | D:9      | Reached ** piety under the Shining One
 10481 | D:9      | Reached XP level 10. HP: 91/97 MP: 16/20
 10724 | D:10     | Entered Level 10 of the Dungeon
 11819 | D:10     | Got a crude flail
 11820 | D:10     | Identified the cursed +0 flail of Terror {pain, *Contam
                  | MR+++ SInv} (You found it on level 10 of the Dungeon)
 11823 | D:10     | Gained mutation: Your body sometimes deteriorates upon
                  | taking damage. [potion of mutation]
 11823 | D:10     | Gained mutation: Your magical capacity is low. (-10% MP)
                  | [potion of mutation]
 11823 | D:10     | Gained mutation: You possess an exceptional clarity of
                  | mind. [potion of mutation]
 11823 | D:10     | Gained mutation: You have sharp fingernails. [potion of
                  | mutation]
 11961 | D:10     | Reached skill level 1 in Long Blades
 11973 | D:10     | Reached skill level 5 in Invocations
 12088 | D:10     | Found a staircase to the Lair.
 12325 | D:11     | Noticed Erolcha
 12326 | D:11     | Paralysed by Erolcha for 6 turns
 12335 | D:11     | Killed Erolcha
 12388 | D:11     | Noticed Nergalle
 12389 | D:11     | Noticed a spectral orc warlord
 12395 | D:11     | Noticed a spectral orc warlord
 12571 | D:11     | Noticed a manticore
 12578 | D:11     | Killed a manticore
 12879 | D:11     | Killed Nergalle
 12936 | D:11     | Reached skill level 5 in Air Magic
 13002 | D:11     | Reached XP level 11. HP: 60/107 MP: 20/20
 13205 | D:11     | Reached *** piety under the Shining One
 13491 | D:11     | Noticed a two-headed ogre
 13497 | D:11     | Killed a two-headed ogre
 13725 | D:12     | Noticed Fannar
 13733 | D:12     | Killed Fannar
 13863 | D:12     | Noticed Josephine
 13880 | D:12     | Killed Josephine
 14146 | D:12     | Noticed a centaur warrior
 14157 | D:12     | Killed a centaur warrior
 14157 | D:12     | Reached skill level 5 in Ice Magic
 14425 | D:12     | Found a staircase to the Orcish Mines.
 14469 | D:12     | Noticed Urug
 14496 | D:12     | Killed Urug
 15385 | D:13     | Found a stormy altar of Qazlal.
 15385 | D:13     | Reached **** piety under the Shining One
 15715 | D:13     | Noticed a manticore
 15722 | D:13     | Killed a manticore
 15899 | D:13     | Learned a level 3 spell: Summon Guardian Golem
 16649 | D:13     | Reached skill level 10 in Summonings
 16768 | D:13     | Noticed an unseen horror
 16772 | D:13     | Killed an unseen horror
 16788 | D:13     | Found a shadowy altar of Dithmenos.
 17066 | D:14     | Reached XP level 12. HP: 117/119 MP: 21/21
 17407 | D:14     | Found a gate to the Vaults.
 17407 | D:14     | Noticed a vault guard
 17407 | D:14     | Noticed a vault guard
 17407 | D:14     | Noticed a vault guard
 17407 | D:14     | Noticed a vault guard
 17407 | D:14     | Noticed a vault guard
 17407 | D:14     | Noticed a vault guard
 17408 | D:14     | Noticed a four-headed hydra
 17409 | D:14     | Noticed a vault guard
 17409 | D:14     | Noticed a vault guard
 17415 | D:14     | Killed a vault guard
 17415 | D:14     | Killed a vault guard
 17418 | D:14     | Killed a two-headed hydra
 17418 | D:14     | Killed a vault guard
 17423 | D:14     | Killed a vault guard
 17425 | D:14     | Killed a vault guard
 17430 | D:14     | Killed a vault guard
 17436 | D:14     | Killed a vault guard
 17436 | D:14     | Killed a vault guard
 18363 | D:14     | Found a snail-covered altar of Cheibriados.
 18678 | Lair:1   | Entered Level 1 of the Lair of Beasts
 19786 | Lair:2   | You fall through a shaft!
 19980 | Lair:3   | Found a staircase to the Snake Pit.
 20042 | Lair:3   | Noticed an eight-headed hydra
 20042 | Lair:3   | Reached ***** piety under the Shining One
 20051 | Lair:3   | Killed an eight-headed hydra
 20495 | Lair:3   | Learned a level 3 spell: Mephitic Cloud
 20521 | Lair:3   | Reached XP level 13. HP: 126/131 MP: 23/23
 21099 | Lair:4   | Found a gate leading to a gauntlet.
 21109 | Gauntlet | Entered a Gauntlet
 21109 | Gauntlet | Found a runed translucent door.
 21109 | Gauntlet | Found a transporter.
 21109 | Gauntlet | Found a runed translucent door.
 21109 | Gauntlet | Found a transporter.
 21110 | Gauntlet | Found a transporter.
 21111 | Gauntlet | Found a transporter.
 21119 | Gauntlet | Found a transporter.
 21369 | Gauntlet | Found a transporter.
 21371 | Gauntlet | Found a transporter.
 21379 | Gauntlet | Found a transporter.
 21381 | Gauntlet | Reached skill level 1 in Poison Magic
 21389 | Gauntlet | Reached skill level 1 in Conjurations
 21604 | Gauntlet | Noticed a minotaur
 21638 | Gauntlet | HP: 1/131 [minotaur/stone (7)]
 21643 | Gauntlet | The Shining One protects you from harm!
 21645 | Gauntlet | Killed a minotaur
 21825 | Gauntlet | Got an iridescent battleaxe
 21826 | Gauntlet | Identified the +8 battleaxe "Wiomugot" {speed, rC+ Str+6
                  | Dex-2 Stlth-} (You found it in a Gauntlet)
 22144 | Gauntlet | Found a transporter.
 22218 | Lair:4   | HP: 1/131 [elephant (10)]
 22218 | Lair:4   | The Shining One protects you from harm!
 22405 | Lair:4   | Reached skill level 10 in Invocations
 23332 | Lair:4   | Found a staircase to the Swamp.
 23570 | Lair:5   | Found a viscous altar of Jiyva.
 23647 | Lair:5   | Found a staircase to the Slime Pits.
 23743 | Lair:5   | Reached skill level 1 in Axes
 24324 | Lair:6   | Entered Level 6 of the Lair of Beasts
 26219 | Lair:6   | Reached skill level 10 in Fighting
 26219 | Lair:6   | Reached XP level 14. HP: 123/143 MP: 11/24
 27055 | Lair:6   | Got an ancient dire flail
 27056 | Lair:6   | Identified the cursed +2 dire flail of Impermanence {crush,
                  | *Drain rPois rF+} (You found it on level 6 of the Lair of
                  | Beasts)
 27805 | Lair:2   | Found a deep blue altar of Sif Muna.
 27978 | Lair:2   | Found a runed translucent door.
 27978 | Lair:2   | Found a shimmering altar of Xom.
 27978 | Lair:2   | Noticed shugdite's ghost (journeyman KoBe)
 27978 | Lair:2   | Identified the +1 rapier of the Ring {chaos, rPois Str+4}
 28196 | Lair:2   | HP: 4/143 [komodo dragon (32)]
 29115 | Lair:2   | Reached skill level 10 in Spellcasting
 29363 | Lair:2   | Identified a scroll of acquirement
 29368 | Lair:2   | Identified the Papyrus of the Wheelwright (You acquired it
                  | on level 2 of the Lair of Beasts)
 29406 | Lair:2   | Learned a level 6 spell: Freezing Cloud
 29959 | Orc:1    | Entered Level 1 of the Orcish Mines
 30020 | D:12     | Upgraded the game from 0.23.2-1-ga50397a to
                  | 0.23.2-30-g0e89c35649
 30239 | D:15     | Entered Level 15 of the Dungeon
 30426 | D:15     | Reached ****** piety under the Shining One
 30458 | D:15     | Shot with a bolt by a yaktaur

Skill      XL: |  1  2  3  4  5  6  7  8  9 10 11 12 13 14 |
---------------+-------------------------------------------+-----
Summonings     | 4 5 6 7 8 9 10 11 | 11.9
Spellcasting   | 3 4 5 6 7 8 9 10 | 10.0
Air Magic      | 1 2 3 4 5 6 7 |  7.6
Fighting       | 1 2 4 5 6 8 9 10 | 10.3
Ice Magic      | 1 2 3 4 5 6 7 |  7.5
Polearms       | 2 3 4 |  4.9
Invocations    | 1 3 6 7 9 10 11 | 11.1
Long Blades    | 2 3 4 |  4.9
Poison Magic   | 2 3 |  3.0
Conjurations   | 2 3 |  3.1
Axes           | 2 3 |  3.2
Dodging        | |  1.7
Stealth        | |  1.4

Action                   |  1- 3 |  4- 6 |  7- 9 | 10-12 | 13-15 || total
-------------------------+-------+-------+-------+-------+-------++-------
Melee: Dagger            |    95 |       |    31 |       |       ||   126
       Unarmed           |     3 |       |       |       |       ||     3
       Short sword       |    34 |   143 |       |       |       ||   177
       Rapier            |       |    19 |   161 |       |       ||   180
       Spear             |       |       |    74 |       |       ||    74
       Glaive            |       |       |    33 |       |       ||    33
       Scimitar          |       |       |    43 |   384 |    44 ||   471
       Battleaxe         |       |       |       |       |   264 ||   264
       Trident           |       |       |       |       |    31 ||    31
 Cast: Summon Small Mamm |     9 |       |       |       |     1 ||    10
       Call Imp          |     5 |     8 |     2 |       |       ||    15
       Call Canine Famil |     1 |    15 |    22 |    25 |     6 ||    69
       Summon Lightning  |       |     2 |    19 |    37 |    55 ||   113
       Summon Ice Beast  |       |       |    19 |    25 |    25 ||    69
       Summon Guardian G |       |       |       |     1 |     1 ||     2
       Mephitic Cloud    |       |       |       |       |    14 ||    14
Invok: Divine Shield     |       |       |       |     1 |     5 ||     6
       Cleansing Flame   |       |       |       |       |     2 ||     2
Evoke: Wand              |       |       |       |     2 |       ||     2
  Use: Scroll            |       |     6 |     7 |    13 |    13 ||    39
       Potion            |       |       |     2 |     4 |     7 ||    13
 Stab: Sleeping          |     4 |     4 |     1 |       |       ||     9
       Distracted        |     1 |       |     4 |       |       ||     5
       Paralysed         |       |     1 |       |       |       ||     1
  Eat: Chunk             |     2 |     6 |    16 |    28 |    16 ||    68
       Ration            |       |     1 |     4 |     3 |     6 ||    14
Armor: Robe              |    59 |    48 |   117 |   126 |    89 ||   439
Dodge: Dodged            |   107 |   102 |   271 |   251 |   171 ||   902
Block: Other             |       |       |       |    41 |    71 ||   112
       Reflection        |       |       |       |     7 |     1 ||     8
       Rpst.: Scimitar   |       |       |    11 |    70 |     6 ||    87
